 Dungeon Crawl Stone Soup version 0.29-a0-352-g0917bc69df (webtiles) character file.

Game seed: 7756687635588043924

876 sammy202020 the Ruffian (level 7, -8/71 HPs)
             Began as a Troll Fighter on Apr 24, 2022.
             Mangled by a gnoll
             ... wielding a +0 flail
              (9 damage)
             ... on level 6 of the Dungeon.
             The game lasted 00:06:02 (3213 turns).

sammy202020 the Ruffian (Troll Fighter)             Turns: 3213, Time: 00:06:03

Health: -8/71      AC:  5    Str: 25    XL:     7   Next: 74%
Magic:  6/6        EV:  9    Int:  6    God:
Gold:   232        SH:  8    Dex:  9    Spells: 6/6 levels left

rFire   + . .      SeeInvis .     - Unarmed
rCold   . . .      Faith    .   b - +1 kite shield
rNeg    . . .      Spirit   .   B - +1 robe of Mezat {rF+ Regen+}
rPois   .          Reflect  .   (helmet restricted)
rElec   .          Harm     .   (no cloak)
rCorr   .          Rampage  .   (gloves unavailable)
Will    .....                   (boots unavailable)
Stlth   +.........              d - amulet of the acrobat
HPRegen 1.81/turn               (no ring)
MPRegen 0.10/turn               (no ring)

@: studying Shields
A: large, unfitting armour, claws 3, regeneration 1, shaggy fur 1, tough skin 1
a: no special abilities


You were on level 6 of the Dungeon.
You visited 1 branch of the dungeon, and saw 6 of its levels.

You collected 232 gold pieces.

Inventory:

Hand Weapons
 v - a +0 flail
 w - a +0 hand crossbow
 y - a +0 giant club
Missiles
 l - a throwing net
 q - 2 silver javelins (quivered)
Armour
 a - a +0 robe
 b - a +1 kite shield (worn)
 B - the +1 robe of Mezat (worn) {rF+ Regen+}
   (You found it on level 5 of the Dungeon)

   rF:        It protects you from fire.
   Regen:     It increases your rate of health regeneration.
Jewellery
 d - an amulet of the acrobat (around neck)
 t - an amulet of faith
Scrolls
 i - a scroll of enchant weapon {unknown}
 m - a scroll of teleportation
 n - a scroll of identify
 o - 2 scrolls of enchant armour
 p - a scroll of noise
 z - a scroll of magic mapping {unknown}
 A - a scroll of acquirement {unknown}
 C - a scroll of amnesia {unknown}
 D - a scroll of fear
Potions
 c - 2 potions of might
 e - 2 potions of curing {unknown}
 f - a potion of heal wounds
 g - 3 potions of magic
 h - a potion of invisibility {unknown}
 j - a potion of resistance {unknown}
 k - a potion of mutation {unknown}
 r - 2 potions of haste {unknown}
 s - 5 potions of brilliance
 u - a potion of attraction {unknown}
 x - a potion of ambrosia {unknown}


   Skills:
 * Level 4.6 Fighting
 + Level 2.4 Maces & Flails
 + Level 3.7 Dodging
 + Level 3.6 Shields
 * Level 5.1 Unarmed Combat


You had 6 spell levels left.
You didn't know any spells.
Your spell library contained the following spells:

 Spells                   Type           Power      Damage    Failure   Level
 Magic Dart               Conj           0%         1d3       75%         1
 Blink                    Tloc           0%         N/A       87%         2
 Call Imp                 Summ           0%         N/A       87%         2
 Corpse Rot               Necr/Air       0%         N/A       87%         2
 Lesser Beckoning         Tloc           0%         N/A       98%         3
 Mephitic Cloud           Conj/Pois/Air  0%         N/A       98%         3
 Dispel Undead            Necr           0%         3d6       100%        4
 Passage of Golubria      Tloc           0%         N/A       100%        4
 Manifold Assault         Tloc           0%         N/A       100%        5
 Silence                  Hex/Air        0%         N/A       100%        5
 Death Channel            Necr           0%         N/A       100%        6
 Lehudib's Crystal Spear  Conj/Erth      0%         10d2      100%        8


Dungeon Overview and Level Annotations

Branches:
Dungeon (6/15)             Temple (0/1) D:5

Altars:
Trog


Innate Abilities, Weirdness & Mutations

You are too large for most types of armour.
You have claws for hands.
Your natural rate of healing is unusually fast.
You are covered in fur. (AC +1)
You have tough skin. (AC +1)


Message History

You open the door. Something hits you. Something shocks you.
The gnoll barely misses you. You block the gnoll's attack.
The gnoll sergeant hits you with a +0 trident!
* * * LOW HITPOINT WARNING * * *
There is an open door here.
Sorry, you're not good enough to have a special ability.
Something barely misses you.
You open the door.
A troll comes into view.
The troll shouts!
Something hits you. Something shocks you.
* * * LOW HITPOINT WARNING * * *
You block something's attack. The troll completely misses you.
The troll barely misses you. The troll closely misses you.
There is an open door here.
You claw the troll!
The troll is heavily wounded.
Something hits you but does no damage. You block the troll's attack.
The troll claws you.
* * * LOW HITPOINT WARNING * * *
The troll claws you but does no damage.
You scratch the troll.
The troll is heavily wounded.
The gnoll hits you with a +0 flail.
* * * LOW HITPOINT WARNING * * *
You block the troll's attack. The troll barely misses you.
The troll claws you but does no damage. Something hits you.
* * * LOW HITPOINT WARNING * * *
Something shocks you.
* * * LOW HITPOINT WARNING * * *
You closely miss the troll.
The troll is heavily wounded.
The troll bites you.
* * * LOW HITPOINT WARNING * * *
The troll closely misses you. You block the troll's attack. Something hits you.
* * * LOW HITPOINT WARNING * * *
Something shocks you.
* * * LOW HITPOINT WARNING * * *
The gnoll hits you with a +0 flail!
You die...

.# #...)## ## #.....#.
#.....#. #.....#. ....#
#.....#. ####....+
#....##.##..#....#
#....#..#...#....#
#....#.T#gg.#....+ ##
####....#..@.g.#....#
..
........######'#....#
..
.............>).....#
..
....................#
..
....................#
..
.......................
..
................#+##...
## ##+#########....# .#
.. #....# #


You could see a troll, a gnoll sergeant and 2 gnolls.

Vanquished Creatures
  A shadow (D:5)
  A steam dragon (D:5)
  A black bear (D:4)
  An ogre (D:4)
  Blork the orc (D:5)
  A necrophage (D:4)
  A scorpion (D:4)
  2 hounds (D:5)
  An orc wizard (D:5)
  6 adders
  A gnoll (D:6)
  An ufetubus (D:5)
  2 worms
  A dart slug (D:3)
  2 orcs
  14 bats
  9 endoplasms
  A giant cockroach (D:2)
  5 goblins
  5 hobgoblins
  A jackal (D:4)
  5 quokkas
  2 ball pythons
  2 frilled lizards
  8 kobolds
  6 rats
81 creatures vanquished.

Vanquished Creatures (others)
  A wizard (D:5)
  3 plants (D:4)
4 creatures vanquished.

Grand Total: 85 creatures vanquished

Notes
Turn   | Place    | Note
-------+----------+-------------------------------------------
     0 | D:1      | sammy202020 the Troll Fighter began the quest for the Orb.
     0 | D:1      | Reached XP level 1. HP: 22/22 MP: 0/0
    93 | D:1      | Reached XP level 2. HP: 28/29 MP: 1/1
   212 | D:1      | Found a faded altar of an unknown god.
   611 | D:2      | Reached XP level 3. HP: 36/36 MP: 2/2
  1091 | D:3      | Reached XP level 4. HP: 34/45 MP: 3/3
  1172 | D:3      | Reached skill level 3 in Unarmed Combat
  1630 | D:4      | Noticed a black bear
  1643 | D:4      | Killed a black bear
  1644 | D:4      | Reached skill level 1 in Maces & Flails
  1644 | D:4      | Reached XP level 5. HP: 16/53 MP: 4/4
  2032 | D:4      | Reached skill level 4 in Unarmed Combat
  2032 | D:4      | Reached XP level 6. HP: 49/62 MP: 5/5
  2360 | D:5      | Entered Level 5 of the Dungeon
  2395 | D:5      | Found a staircase to the Ecumenical Temple.
  2395 | D:5      | Noticed Blork the orc
  2403 | D:5      | Killed Blork the orc
  2404 | D:5      | Reached XP level 7. HP: 63/70 MP: 6/6
  2426 | D:5      | Noticed a steam dragon
  2433 | D:5      | Killed a steam dragon
  2491 | D:5      | Found a bloodstained altar of Trog.
  2492 | D:5      | Noticed a wizard
  2498 | D:5      | Killed a wizard
  2644 | D:5      | Noticed a shadow
  2672 | D:5      | Killed a shadow
  2673 | D:5      | Reached skill level 5 in Unarmed Combat
  2763 | D:5      | Identified the +1 ring mail "Humuom" {Contam Harm Dex+4}
  2909 | D:5      | Identified the +1 robe of Mezat {rF+ Regen+}
  3209 | D:6      | Noticed a troll
  3213 | D:6      | HP: 1/71 [something (6)]
  3213 | D:6      | Mangled by a gnoll

Illustrated notes

Levels and vault maps discovered:
D:1:      amcnicky_arrival_flooded_fountain, layout_rooms,
          basic_ecumenical_altar, minivault_24, minmay_distorted
D:2:      layout_loops_ring, minmay_cut_off
D:3:      layout_rooms, dreamdust_mushroom_princess, corner_web_ring,
          dk_vineyard_1, roderic_batcave
D:4:      layout_basic, serial_bayou, serial_bayou_pond_b, serial_bayou_pond_b,
          serial_bayou_lagoon_b, serial_bayou_shore_b, serial_bayou_pond_c,
          kennysheep_generic_room_14
D:5:      layout_basic, trog_wizard, minmay_temple_entry_large_hall,
          minmay_manual_mail, uniq_blork_the_orc
D:6:      layout_gridville, jmf_multi_god_temple

Skill      XL: |  1  2  3  4  5  6  7 |
---------------+----------------------+-----
Fighting       | 3 4 |  4.6
Unarmed Combat | 3 4 5 |  5.1
Maces & Flails | 1 2 |  2.4
Dodging        | 3 |  3.7
Shields        | 3 |  3.6

Action                   |  1- 3 |  4- 6 |  7- 9 || total
-------------------------+-------+-------+-------++-------
Melee: Unarmed           |   122 |   102 |    43 ||   267
  Use: Scroll            |       |     8 |       ||     8
       Potion            |       |       |     2 ||     2
 Stab: Sleeping          |       |     1 |       ||     1
Armor: Robe              |    69 |    38 |    20 ||   127
Dodge: Dodged            |    57 |    48 |    29 ||   134
Block: Kite shield       |    55 |    39 |    26 ||   120

Table legend: (Time is in decaauts)
 A = Elapsed time spent in this place.
 B = Non-inter-level travel time spent in this place.
 C = Inter-level travel time spent in this place.
 D = Time resting spent in this place.
 E = Time spent auto-exploring this place.
 F = Levels seen in this place.
 G = Mean time per level.
                   A        B        C        D        E       F      G
               +--------+--------+--------+--------+--------+-----+--------+
         Total |   3269 |   3244 |     25 |      0 |   2499 |   6 |  544.8 |
       Dungeon |   3269 |   3244 |     25 |      0 |   2499 |   6 |  544.8 |
               +--------+--------+--------+--------+--------+-----+--------+

Top non-repeatable levels by time:
     D:4: 863 daAuts
     D:5: 736 daAuts
     D:2: 665 daAuts
     D:3: 502 daAuts
     D:1: 383 daAuts
     D:6: 117 daAuts
